cohdb
Replays
Latest Replays
All Replays
Popular Replays
Top Player Replays
Match Explorer
How It Works
Community
CoH3 Stats
Reddit
Sign in to upload your games and track your stats! →
Sign in with Steam
Match 45358351
Unlisted
Match 45358351
Overview
Messages
Build Orders
End
Construct Infanterie Kompanie
Selects Luftwaffe Battlegroup
Selects Luftwaffe Pioneer Support
Fallschirmpioneer Squad Paradrop
MG 42 Machine Gun Team
Fallschirmpioneer Squad Paradrop
Construct Luftwaffe Kompanie
221 Scout Car
Jäger Squad
Medical Bunker
Jäger Squad
Support Elements
Selects LG40 Recoilless Gun Paradrop
T.R. Olvadi
Makros
K. Ronaldo
Bego
0
0
Comments
sign in to comment!
No comments posted yet!